Map: Miner Evacuation

Players

Alebay

  • Race: Protoss Protoss
  • Spawn Location: 7:00

MattBarry

  • Race: Zerg Zerg

VOD

Have the link to the VOD?

Description

Time

  • Played on: Jan. 5, 2023, 11:39 p.m.
  • Length: 28:50
Show
View Real Time Build Order
Export as new Build Order

Alebay Protoss 

Build Orders:  

Get SALT Encoding   

  12  0:02  Probe (Chrono Boost)  
  13  0:16  Probe (Chrono Boost)  
  14  0:26  Pylon  
  14  0:30  Probe (Chrono Boost)  
  15  0:47  Assimilator  
  15  0:51  Probe (Chrono Boost)  
  16  1:05  Probe (Chrono Boost)  
  16  1:09  Gateway  
  17  1:19  Probe (Chrono Boost)  
  18  1:32  Probe (Chrono Boost)  
  19  1:42  Forge  
  19  1:46  Probe (Chrono Boost)  
  20  1:59  Pylon  
  20  2:00  Probe (Chrono Boost)  
  20  2:08  Assimilator  
  21  2:14  Probe (Chrono Boost)  
  21  2:19  Cybernetics Core  
  22  2:28  Probe (Chrono Boost)  
  23  2:41  Legionnaire  
  23  2:42  Probe (Chrono Boost)  
  27  2:55  Protoss Ground Weapons Level 1  
  27  3:00  Probe (Chrono Boost)  
  28  3:14  Legionnaire  
  31  3:23  Pylon  
  31  3:30  Kaldalis' A.I. Personality  
  31  3:48  Legionnaire, Probe (Chrono Boost)  
  35  4:00  Warp Gate  
  35  4:02  Probe (Chrono Boost)  
  36  4:10  Pylon  
  36  4:15  Pylon  
  36  4:45  Gateway  
  36  4:46  Gateway  
  36  4:52  Pylon  
  36  5:13  Adept  
  32  5:52  Adept  
  32  5:55  Talis' A.I. Personality  
  34  6:09  Adept x2  
  36  6:35  Adept x2  
  36  6:36  Adept  
  33  7:03  Protoss Ground Armor Level 1  
  33  7:14  Twilight Council  
  33  7:19  Legionnaire  
  36  7:20  Legionnaire x2  
  42  7:49  Adept x3  
  48  8:02  Stargate  
  48  8:04  Stargate  
  48  8:27  Adept x3  
  54  8:32  Debilitation System  
  54  8:46  Pylon  
  54  8:54  Pylon  
  54  8:57  Pylon  
  54  9:02  Adept x2  
  58  9:32  Psionic Projection  
  58  9:41  Adept x3  
  64  10:26  Protoss Ground Weapons Level 2  
  64  10:30  Legionnaire x2  
  64  10:31  Legionnaire, Charge  
  73  11:06  Adept x3  
  79  11:32  Legionnaire x2  
  74  11:52  Pylon  
  74  11:57  Pylon  
  70  12:21  Pylon  
  70  12:22  Adept x3  
  67  13:28  Adept x2  
  67  13:29  Adept  
  73  13:38  Protoss Ground Weapons Level 3  
  73  13:41  Protoss Air Weapons Level 1  
  73  13:44  Empowered Blades  
  88  14:30  Probe (Chrono Boost)  
  68  14:33  Nexus  
  69  14:45  Fleet Beacon  
  69  14:55  Pylon  
  69  14:58  Pylon  
  69  15:02  Pylon  
  65  15:49  Robotics Facility  
  65  16:04  Probe (Chrono Boost)  
  66  16:11  Assimilator  
  66  16:18  Probe (Chrono Boost)  
  67  16:24  Adept  
  67  16:25  Adept x2  
  73  16:32  Probe (Chrono Boost)  
  73  16:36  Graviton Catapult  
  74  16:46  Probe (Chrono Boost)  
  75  17:00  Probe (Chrono Boost)  
  76  17:11  Probe (Chrono Boost)  
  76  17:14  Probe (Chrono Boost)  
  78  17:23  Observer, Assimilator  
  78  17:25  Probe (Chrono Boost)  
  78  17:28  Probe (Chrono Boost)  
  81  17:35  Adept x3  
  81  17:39  Probe (Chrono Boost)  
  88  17:42  Probe (Chrono Boost)  
  89  17:53  Observer, Probe (Chrono Boost)  
  89  17:55  Probe (Chrono Boost)  
  48  18:20  Legionnaire x2  
  48  18:21  Legionnaire  
  48  18:27  Probe x2 (Chrono Boost)  
  56  18:40  Probe (Chrono Boost)  
  56  18:41  Probe (Chrono Boost)  
  56  18:43  Carrier  
  56  18:44  Carrier  
  68  18:51  Adept x3  
  68  18:54  Probe x2 (Chrono Boost)  
  76  19:16  Adept  
  76  19:17  Adept x2  
  82  19:23  Probe x2 (Chrono Boost)  
  84  19:37  Probe x2 (Chrono Boost)  
  86  20:08  Protoss Air Armor Level 1  
  86  20:42  Adept x3  
  86  20:43  Carrier  
  86  20:44  Carrier  
  104  21:24  Legionnaire x3  
  113  21:36  Gateway  
  113  21:37  Gateway  
  113  21:39  Protoss Ground Armor Level 2  
  113  21:40  Gateway  
  113  21:50  Legionnaire x3  
  122  22:43  Carrier  
  122  22:44  Legionnaire x2, Carrier  
  122  22:45  Legionnaire  
  143  22:55  Legionnaire x2  
  146  23:04  Pylon  
  146  23:08  Pylon  
  137  23:12  Pylon  
  137  23:14  Pylon  
  137  23:16  Pylon  
  137  23:27  Legionnaire x4  
  131  24:13  Adept x4  
  131  24:14  Adept x2  
  128  24:43  Carrier x2  
  128  24:49  A Strong Heart  
  136  24:55  Adept x3  
  136  24:57  Legionnaire x3  
  151  25:13  Protoss Air Weapons Level 2  
  151  25:17  Protoss Shields Level 1  
  151  26:12  Legionnaire x2  
  151  26:13  Legionnaire x4  
  157  28:17  Legionnaire x2  
  157  28:18  Legionnaire x4  
Show
View Real Time Build Order
Export as new Build Order

MattBarry Zerg 

Build Orders:  

Get SALT Encoding   

  18  0:10  Primal Drone  
  18  0:12  Primal Drone  
  20  0:24  Primal Drone  
  20  0:26  Primal Drone  
  22  0:33  Primal Drone  
  23  0:57  Primal Warden  
  24  1:02  Extractor  
  24  1:21  Primal Drone x2  
  24  1:22  Primal Drone  
  27  2:04  Primal Drone x2  
  29  2:32  Primal Drone x2  
  31  2:52  Primal Drone  
  32  3:03  Primal Drone  
  32  3:07  Extractor  
  33  3:30  Primal Zergling x3  
  33  3:31  Primal Zergling x2  
  33  3:36  Glevig's Den  
  42  3:51  Primal Hive  
  42  4:11  Primal Warden  
  42  4:14  Primal Drone x4  
  42  4:16  Primal Attacks Level 1  
  42  5:15  Primal Roach x6  
  48  6:09  Primal Igniter  
  45  6:10  Primal Igniter  
  45  6:13  Primal Drone x2  
  45  6:14  Primal Drone x3  
  45  6:19  Primal Drone x4  
  53  6:20  Primal Drone  
  53  6:29  Primal Roach x4  
  62  6:30  Primal Roach x4  
  67  7:12  Glial Reconstitution, Murvar's Den  
  67  7:44  Primal Warden  
  67  7:48  Primal Igniter  
  67  7:49  Primal Igniter x3  
  63  7:56  Primal Roach x3  
  63  7:59  Primal Roach x3  
  75  8:11  Concentrated Fire  
  75  8:24  Primal Carapace Level 1  
  75  8:35  Primal Roach x2  
  79  9:01  Primal Roach  
  79  9:02  Primal Roach x3  
  87  9:36  Primal Swarm Host  
  90  10:12  Primal Swarm Host  
  90  10:15  Primal Swarm Host  
  96  10:56  Primal Wurm  
  96  10:59  Primal Roach x6  
  109  11:00  Primal Roach x3  
  115  11:39  Primal Guardian  
  111  11:51  Primal Guardian  
  105  12:40  Primal Roach x8  
  112  14:14  Primal Warden  
  112  14:17  Primal Warden  
  112  14:18  Primal Attacks Level 2  
  113  15:08  Primal Hive  
  113  15:10  Primal Drone x3  
  113  15:11  Primal Drone x6  
  113  15:12  Primal Drone  
  113  15:13  Extractor  
  113  15:14  Extractor  
  123  15:26  Dakrun's Den  
  122  16:25  Primal Guardian x3  
  122  16:26  Primal Guardian  
  118  16:40  Explosive Spores  
  118  17:04  Primal Igniter x2  
  110  17:40  Primordial Fury  
  110  18:01  Primal Ultralisk  
  66  19:05  Primal Roach x15  
  96  19:22  Primal Warden  
  96  19:27  Primal Warden  
  98  19:42  Primal Roach x3  
  98  19:43  Primal Roach x3  
  110  20:01  Muscular Augments  
  110  20:02  Primal Hydralisk x2  
  110  20:03  Primal Hydralisk  
  116  20:42  Primal Hydralisk x5  
  116  20:43  Primal Hydralisk x4  
  109  21:10  Primal Drone x2  
  109  21:11  Primal Drone x2  
  109  21:12  Primal Attacks Level 3, Primal Drone  
  114  21:33  Primal Carapace Level 2  
  114  21:59  Primal Roach x9  
  130  22:31  Primal Roach  
  130  22:32  Primal Roach x8  
  130  22:33  Primal Roach  
  150  22:58  Primal Drone x4  
  150  22:59  Primal Drone x3  
  157  23:02  Primal Roach x2  
  157  23:03  Primal Roach x2  
  165  23:26  Primal Guardian x2  
  165  23:27  Primal Guardian  
  158  24:55  Primal Ultralisk x2  
  158  24:56  Primal Ultralisk  
  176  25:08  Tyrant's Protection  
  174  26:08  Barrage of Spikes  
  170  26:23  Primal Ultralisk x2  
  170  26:54  Primal Ultralisk  
  176  27:08  Healing Adaptation  
  161  27:54  Primal Ultralisk  
  161  27:55  Primal Ultralisk  
  161  27:56  Primal Ultralisk  
Tags
 
Commander
DehakaFenix
Matchup
Co-op
Replay Pack
Multiplayer
Add a new tag
Caveats
  • Supply blocks, unpowered buildings, or Contaminate may cause inaccurate times.
  • Supply counts are checked every 10 seconds.